| TOP OF THE 1ST |
|
Seattle Pilots batting - Pitching for Oakland Athletics : RHP Todd Stottlemyre
|
|
Pitching: RHP Todd Stottlemyre
|
|
|
Batting: RHB Edgar Martinez
|
0-0: Foul Ball, location: 2F 0-1: Foul Ball, location: 2F 0-2: Ball 1-2: Foul Ball, location: 2F 1-2: Ball 2-2: Fly out, F7 (Flyball, 7LM, EV 95.6 MPH)
|
|
Batting: LHB Ken Griffey Jr.
|
0-0: Ball 1-0: Ball 2-0: SOLO HOME RUN (Flyball, 7D, EV 85.6 MPH), Distance : 374 ft
|
|
Batting: RHB Hector Villanueva
|
0-0: Foul Ball, location: 2F 0-1: Called Strike 0-2: Fly out, F7 (Flyball, 7S, EV 88.1 MPH)
|
|
Batting: RHB Jermaine Dye
|
0-0: Ball 1-0: Foul Ball, location: 2F 1-1: Ball 2-1: Swinging Strike 2-2: Strikes out swinging
|
| Top of the 1st over - 1 run, 1 hit, 0 errors, 0 left on base; Seattle 1 - Oakland 0 |
| BOTTOM OF THE 1ST |
|
Oakland Athletics batting - Pitching for Seattle Pilots : RHP Cliff Brantley
|
|
Pitching: RHP Cliff Brantley
|
|
|
Batting: RHB Rickey Henderson
|
0-0: Ball 1-0: Ground out 4-3 (Groundball, 4, EV 110.0 MPH)
|
|
Batting: SHB Geronimo Pena
|
0-0: Ball 1-0: DOUBLE (Line Drive, 9LD, EV 105.6 MPH)
|
|
Batting: LHB John Olerud
|
0-0: Ball Geronimo Pena is caught stealing 3rd base 2-5 1-0: Ball 2-0: Ball 3-0: Base on Balls
|
|
Batting: RHB Jay Buhner
|
0-0: Ball 1-0: Called Strike 1-1: Ball 2-1: Ball 3-1: Base on Balls John Olerud to second
|
|
Batting: RHB Herbert Perry
|
0-0: Ball 1-0: Called Strike 1-1: Ball 2-1: Foul Ball, location: 2F 2-2: Ball 3-2: Base on Balls John Olerud to third Jay Buhner to second
|
|
Batting: RHB Benito Santiago
|
0-0: Ball 1-0: Ground out 1-3 (Groundball, P, EV 61.9 MPH)
|
| Bottom of the 1st over - 0 runs, 1 hit, 0 errors, 3 left on base; Seattle 1 - Oakland 0 |
| TOP OF THE 2ND |
|
Seattle Pilots batting - Pitching for Oakland Athletics : RHP Todd Stottlemyre
|
|
Batting: LHB J.T. Snow
|
0-0: Ball 1-0: Ball 2-0: Ball 3-0: Base on Balls
|
|
Batting: RHB Bruce Aven
|
0-0: Called Strike 0-1: Called Strike 0-2: Strikes out swinging
|
|
Batting: SHB Pat Listach
|
0-0: Fielders Choice at 2nd, 3-6 (Groundball, 3, EV 105.6 MPH)
|
|
Batting: RHB Esteban Beltre
|
0-0: Ball 1-0: Called Strike 1-1: Ball Pat Listach steals 2nd base 2-1: Foul Ball, location: 2F 2-2: 2-RUN HOME RUN (Flyball, 7LD, EV 108.8 MPH), Distance : 355 ft
|
|
Batting: SHB Mark McLemore
|
0-0: Ball 1-0: SINGLE (Line Drive, 9S, EV 93.8 MPH)
|
|
Batting: RHB Edgar Martinez
|
0-0: Ball 1-0: Fielders Choice at 2nd, 6-4 (Groundball, 6, EV 80.0 MPH)
|
| Top of the 2nd over - 2 runs, 2 hits, 0 errors, 1 left on base; Seattle 3 - Oakland 0 |
| BOTTOM OF THE 2ND |
|
Oakland Athletics batting - Pitching for Seattle Pilots : RHP Cliff Brantley
|
|
Batting: SHB Devon White
|
0-0: SINGLE (Groundball, 34D, EV 95.6 MPH)
|
|
Batting: SHB Chuck Carr
|
0-0: Called Strike Devon White steals 2nd, throwing error, E2 Devon White to third 0-1: Foul Ball, location: 2F 0-2: Fly out, F8 (Flyball, 8RD, EV 95.0 MPH) Runner from 3rd tags up, SCORES, no throw by CF
|
|
Batting: RHB Benji Gil
|
0-0: Called Strike 0-1: Ball 1-1: Ball 2-1: Ground out 5-3 (Groundball, 56, EV 84.4 MPH)
|
|
Batting: RHB Rickey Henderson
|
0-0: Ball 1-0: Ball 2-0: Ball 3-0: Called Strike 3-1: Foul Ball, location: 2F 3-2: Base on Balls
|
|
Batting: SHB Geronimo Pena
|
0-0: Called Strike 0-1: Foul Ball, location: 2F 0-2: Ball 1-2: Ball 2-2: Ground out 1-3 (Groundball, 23, EV 71.3 MPH)
|
| Bottom of the 2nd over - 1 run, 1 hit, 1 error, 1 left on base; Seattle 3 - Oakland 1 |
| TOP OF THE 3RD |
|
Seattle Pilots batting - Pitching for Oakland Athletics : RHP Todd Stottlemyre
|
|
Batting: LHB Ken Griffey Jr.
|
0-0: Called Strike 0-1: Ball 1-1: Swinging Strike 1-2: Strikes out swinging
|
|
Batting: RHB Hector Villanueva
|
0-0: Ball 1-0: Ball 2-0: Foul Ball, location: 2F 2-1: SOLO HOME RUN (Flyball, 78XD, EV 103.1 MPH), Distance : 417 ft
|
|
Batting: RHB Jermaine Dye
|
0-0: SOLO HOME RUN (Flyball, 9D, EV 100.6 MPH), Distance : 354 ft
|
|
Batting: LHB J.T. Snow
|
0-0: Ball 1-0: Called Strike 1-1: Ground out 4-3 (Groundball, 4, EV 91.3 MPH)
|
|
Batting: RHB Bruce Aven
|
0-0: Called Strike 0-1: Foul Ball, location: 2F 0-2: Strikes out swinging
|
| Top of the 3rd over - 2 runs, 2 hits, 0 errors, 0 left on base; Seattle 5 - Oakland 1 |
| BOTTOM OF THE 3RD |
|
Oakland Athletics batting - Pitching for Seattle Pilots : RHP Cliff Brantley
|
|
Batting: LHB John Olerud
|
0-0: Called Strike 0-1: Ball 1-1: Fly out, F8 (Flyball, 8LD, EV 77.5 MPH)
|
|
Batting: RHB Jay Buhner
|
0-0: Fly out, F4 (Popup, 4M, EV 75.6 MPH)
|
|
Batting: RHB Herbert Perry
|
0-0: Fly out, F4 (Line Drive, 4, EV 70.0 MPH)
|
| Bottom of the 3rd over - 0 runs, 0 hits, 0 errors, 0 left on base; Seattle 5 - Oakland 1 |
| TOP OF THE 4TH |
|
Seattle Pilots batting - Pitching for Oakland Athletics : RHP Todd Stottlemyre
|
|
Batting: SHB Pat Listach
|
0-0: Called Strike 0-1: Ground out U3 (Groundball, 34, EV 85.0 MPH)
|
|
Batting: RHB Esteban Beltre
|
0-0: Ball 1-0: Ball 2-0: Ground out U3 (Groundball, 3, EV 108.8 MPH)
|
|
Batting: SHB Mark McLemore
|
0-0: Ball 1-0: Ball 2-0: Called Strike 2-1: Ball 3-1: Ground out 4-3 (Groundball, 4S, EV 91.9 MPH)
|
| Top of the 4th over - 0 runs, 0 hits, 0 errors, 0 left on base; Seattle 5 - Oakland 1 |
| BOTTOM OF THE 4TH |
|
Oakland Athletics batting - Pitching for Seattle Pilots : RHP Cliff Brantley
|
|
Batting: RHB Benito Santiago
|
0-0: Ball 1-0: DOUBLE (Groundball, 5L, EV 104.4 MPH)
|
|
Batting: SHB Devon White
|
0-0: Fly out, F4 (Line Drive, 4, EV 65.0 MPH)
|
|
Batting: SHB Chuck Carr
|
0-0: Ball 1-0: Called Strike 1-1: Ball 2-1: Swinging Strike 2-2: Foul Ball, location: 2F 2-2: Foul Ball, location: 2F 2-2: Ball 3-2: Base on Balls
|
|
Batting: RHB Benji Gil
|
0-0: Foul Ball, location: 2F 0-1: Ball 1-1: Foul Ball, location: 2F 1-2: Ball 2-2: Fielders Choice at 2nd, 5-4 (Groundball, 56S, EV 88.1 MPH) Benito Santiago to third
|
|
Batting: RHB Rickey Henderson
|
0-0: Called Strike 0-1: Swinging Strike 0-2: Ball 1-2: Ball 2-2: Foul Ball, location: 2F 2-2: Ball 3-2: Base on Balls Benji Gil to second
|
|
Batting: SHB Geronimo Pena
|
0-0: Called Strike 0-1: Ball 1-1: Swinging Strike 1-2: Strikes out swinging
|
| Bottom of the 4th over - 0 runs, 1 hit, 0 errors, 3 left on base; Seattle 5 - Oakland 1 |
| TOP OF THE 5TH |
|
Seattle Pilots batting - Pitching for Oakland Athletics : RHP Todd Stottlemyre
|
|
Batting: RHB Edgar Martinez
|
0-0: Called Strike 0-1: Foul Ball, location: 2F 0-2: Foul Ball, location: 2F 0-2: Foul Ball, location: 2F 0-2: Foul Ball, location: 2F 0-2: Strikes out swinging
|
|
Batting: LHB Ken Griffey Jr.
|
0-0: Ball 1-0: Reached on error, E4 (Groundball, 4, EV 81.3 MPH)
|
|
Batting: RHB Hector Villanueva
|
0-0: Called Strike 0-1: Ball Ken Griffey Jr. is caught stealing 2nd base 2-4 1-1: Swinging Strike 1-2: Ball 2-2: Foul Ball, location: 2F 2-2: Foul Ball, location: 2F 2-2: Ball 3-2: Fly out, F7 (Line Drive, 7, EV 87.5 MPH)
|
| Top of the 5th over - 0 runs, 0 hits, 1 error, 0 left on base; Seattle 5 - Oakland 1 |
| BOTTOM OF THE 5TH |
|
Oakland Athletics batting - Pitching for Seattle Pilots : RHP Cliff Brantley
|
|
Batting: LHB John Olerud
|
0-0: Ball 1-0: Swinging Strike 1-1: Foul Ball, location: 2F 1-2: Ball 2-2: SINGLE (Groundball, 56, EV 105.0 MPH) (infield hit)
|
|
Batting: RHB Jay Buhner
|
0-0: Fly out, F8 (Flyball, 89XD, EV 98.8 MPH)
|
|
Batting: RHB Herbert Perry
|
0-0: Foul Ball, location: 2F 0-1: Grounds into double play, 6-4-3 (Groundball, 6, EV 108.8 MPH)
|
| Bottom of the 5th over - 0 runs, 1 hit, 0 errors, 0 left on base; Seattle 5 - Oakland 1 |
| TOP OF THE 6TH |
|
Seattle Pilots batting - Pitching for Oakland Athletics : RHP Todd Stottlemyre
|
|
Batting: RHB Jermaine Dye
|
0-0: Fly out, F9 (Flyball, 9LDF, EV 87.5 MPH)
|
|
Batting: LHB J.T. Snow
|
0-0: Ball 1-0: Foul Ball, location: 2F 1-1: Foul Ball, location: 2F 1-2: Ball 2-2: Foul Ball, location: 2F 2-2: Ball 3-2: Ground out 6-3 (Groundball, 6, EV 83.8 MPH)
|
|
Batting: RHB Bruce Aven
|
0-0: Ball 1-0: Called Strike 1-1: Foul Ball, location: 2F 1-2: Ball 2-2: Reached on error, E5 (Groundball, 56, EV 83.1 MPH)
|
|
Batting: SHB Pat Listach
|
0-0: Ball 1-0: Called Strike 1-1: Swinging Strike 1-2: SINGLE (Groundball, 25, EV 64.4 MPH) (infield hit) Bruce Aven to second
|
|
Batting: RHB Esteban Beltre
|
0-0: Swinging Strike 0-1: Foul Ball, location: 2F 0-2: Ball 1-2: Strikes out swinging
|
| Top of the 6th over - 0 runs, 1 hit, 1 error, 2 left on base; Seattle 5 - Oakland 1 |
| BOTTOM OF THE 6TH |
|
Oakland Athletics batting - Pitching for Seattle Pilots : RHP Cliff Brantley
|
|
Batting: RHB Benito Santiago
|
0-0: Ball 1-0: Fly out, F7 (Flyball, 78S, EV 80.6 MPH)
|
|
Batting: SHB Devon White
|
0-0: Called Strike 0-1: Fly out, F9 (Line Drive, 9, EV 95.6 MPH)
|
|
Batting: SHB Chuck Carr
|
0-0: Ball 1-0: Foul Ball, location: 2F 1-1: Foul Ball, location: 2F 1-2: Ball 2-2: Ball 3-2: Base on Balls
|
|
Batting: RHB Benji Gil
|
0-0: Ball 1-0: Ball 2-0: Called Strike 2-1: Foul Ball, location: 2F 2-2: Strikes out swinging
|
| Bottom of the 6th over - 0 runs, 0 hits, 0 errors, 1 left on base; Seattle 5 - Oakland 1 |
| TOP OF THE 7TH |
|
Seattle Pilots batting - Pitching for Oakland Athletics : RHP Todd Stottlemyre
|
|
Batting: SHB Mark McLemore
|
0-0: Ball 1-0: Ball 2-0: Foul Ball, location: 2F 2-1: Swinging Strike 2-2: Strikes out swinging
|
|
Pitching: RHP William VanLandingham
|
|
|
Batting: RHB Edgar Martinez
|
0-0: Ball 1-0: Fly out, F3 (Popup, 3F, EV 62.5 MPH)
|
|
Batting: LHB Ken Griffey Jr.
|
0-0: Ball 1-0: Ball 2-0: Foul Ball, location: 2F 2-1: Ball 3-1: Base on Balls
|
|
Batting: RHB Hector Villanueva
|
0-0: Called Strike 0-1: Ball 1-1: Foul Ball, location: 2F 1-2: Reached on error, E4 (Groundball, 4, EV 99.4 MPH) Ken Griffey Jr. to third
|
|
Batting: RHB Jermaine Dye
|
0-0: Ball 1-0: Called Strike 1-1: Ball 2-1: Ball 3-1: Base on Balls
|
|
Batting: LHB J.T. Snow
|
0-0: Foul Ball, location: 2F 0-1: Ball 1-1: Ball 2-1: Swinging Strike 2-2: Foul Ball, location: 2F 2-2: Foul Ball, location: 2F 2-2: Foul Ball, location: 2F 2-2: Foul Ball, location: 2F 2-2: Strikes out looking
|
| Top of the 7th over - 0 runs, 0 hits, 1 error, 3 left on base; Seattle 5 - Oakland 1 |
| BOTTOM OF THE 7TH |
|
Oakland Athletics batting - Pitching for Seattle Pilots : RHP Cliff Brantley
|
|
Batting: RHB Rickey Henderson
|
0-0: Ball 1-0: Foul Ball, location: 2F 1-1: Ball 2-1: Ball 3-1: Base on Balls
|
|
Pitching: RHP Joe Hudson
|
|
|
Batting: SHB Geronimo Pena
|
0-0: Called Strike 0-1: Ball 1-1: Ball Passed Ball! Rickey Henderson to second 2-1: Foul Ball, location: 2F 2-2: Ball 3-2: Foul Ball, location: 2F 3-2: Fly out, F4 (Popup, 4D, EV 70.6 MPH)
|
|
Batting: LHB John Olerud
|
0-0: Ball Rickey Henderson steals 3rd base 1-0: Swinging Strike 1-1: Swinging Strike 1-2: Ball 2-2: Foul Ball, location: 2F 2-2: Strikes out swinging
|
|
Batting: RHB Jay Buhner
|
0-0: Fly out, F9 (Flyball, 89S, EV 84.4 MPH)
|
| Bottom of the 7th over - 0 runs, 0 hits, 0 errors, 1 left on base; Seattle 5 - Oakland 1 |
| TOP OF THE 8TH |
|
Seattle Pilots batting - Pitching for Oakland Athletics : RHP William VanLandingham
|
|
Batting: RHB Bruce Aven
|
0-0: Called Strike 0-1: Ball 1-1: Ball 2-1: Foul Ball, location: 2F 2-2: Ground out 1-3 (Groundball, 34S, EV 63.8 MPH)
|
|
Batting: SHB Pat Listach
|
0-0: Ball 1-0: Ball 2-0: Foul Ball, location: 2F 2-1: Swinging Strike 2-2: Fly out, F5 (Line Drive, 5, EV 69.4 MPH)
|
|
Batting: RHB Esteban Beltre
|
0-0: Ball 1-0: Called Strike 1-1: Ball 2-1: Fly out, F4 (Popup, 23, EV 80.6 MPH)
|
| Top of the 8th over - 0 runs, 0 hits, 0 errors, 0 left on base; Seattle 5 - Oakland 1 |
| BOTTOM OF THE 8TH |
|
Oakland Athletics batting - Pitching for Seattle Pilots : RHP Joe Hudson
|
|
Batting: RHB Herbert Perry
|
0-0: Called Strike 0-1: Foul Ball, location: 2F 0-2: Foul Ball, location: 2F 0-2: Fly out, F8 (Flyball, 8LD, EV 108.1 MPH)
|
|
Batting: RHB Benito Santiago
|
0-0: Called Strike 0-1: Ball 1-1: Fly out, F9 (Flyball, 9D, EV 80.0 MPH)
|
|
Batting: SHB Devon White
|
0-0: SINGLE (Flyball, 78S, EV 94.4 MPH)
|
|
Batting: SHB Chuck Carr
|
0-0: SINGLE (Line Drive, 89S, EV 101.3 MPH) Devon White to second
|
|
Batting: RHB Benji Gil
|
0-0: Fly out, F6 (Line Drive, 6, EV 68.1 MPH)
|
| Bottom of the 8th over - 0 runs, 2 hits, 0 errors, 2 left on base; Seattle 5 - Oakland 1 |
| TOP OF THE 9TH |
|
Seattle Pilots batting - Pitching for Oakland Athletics : RHP William VanLandingham
|
|
Batting: SHB Mark McLemore
|
0-0: Called Strike 0-1: Ball 1-1: Swinging Strike 1-2: Hit by Pitch
|
|
Batting: RHB Edgar Martinez
|
0-0: Swinging Strike 0-1: Fly out, F8 (Line Drive, 8LM, EV 85.0 MPH)
|
|
Batting: LHB Ken Griffey Jr.
|
0-0: Ball 1-0: Ball 2-0: Ball 3-0: Called Strike 3-1: Fly out, F7 (Flyball, 78S, EV 82.5 MPH)
|
|
Batting: RHB Hector Villanueva
|
0-0: Ball 1-0: Foul Ball, location: 2F 1-1: Foul Ball, location: 2F 1-2: Foul Ball, location: 2F 1-2: Fly out, F7 (Flyball, 7S, EV 81.3 MPH)
|
| Top of the 9th over - 0 runs, 0 hits, 0 errors, 1 left on base; Seattle 5 - Oakland 1 |
| BOTTOM OF THE 9TH |
|
Oakland Athletics batting - Pitching for Seattle Pilots : RHP Joe Hudson
|
|
Batting: RHB Rickey Henderson
|
0-0: Swinging Strike 0-1: Foul Ball, location: 2F 0-2: Foul Ball, location: 2F 0-2: Foul Ball, location: 2F 0-2: Ball 1-2: Ball 2-2: Foul Ball, location: 2F 2-2: Fly out, F8 (Flyball, 8RM, EV 90.0 MPH)
|
|
Batting: SHB Geronimo Pena
|
0-0: Ball 1-0: Swinging Strike 1-1: Foul Ball, location: 2F 1-2: Foul Ball, location: 2F 1-2: Strikes out swinging
|
|
Batting: LHB John Olerud
|
0-0: Ball 1-0: Swinging Strike 1-1: Ball 2-1: Ball 3-1: Fly out, F4 (Popup, 4M, EV 70.6 MPH)
|
| Bottom of the 9th over - 0 runs, 0 hits, 0 errors, 0 left on base; Seattle 5 - Oakland 1 |
|